 Dungeon Crawl Stone Soup version 0.26-a0-652-gafc20e3620 (webtiles) character file.

Game seed: 13054136791717227191

9 ANON1729 the Grasshopper (level 2, 0/15 HPs)
             Began as a Spriggan Warper on Oct 3, 2020.
             Slain by a jackal (2 damage)
             ... on level 1 of the Dungeon.
             The game lasted 00:00:45 (613 turns).

ANON1729 the Grasshopper (Spriggan Warper)           Turns: 613, Time: 00:00:46

Health: 0/15       AC:  2    Str:  7    XL:     2   Next: 3%
Magic:  6/6        EV: 19    Int: 14    God:
Gold:   42         SH:  0    Dex: 15    Spells: 6/6 levels left

rFire    . . .     SeeInvis +   a - +0 short sword
rCold    . . .     Faith    .   (shield restricted)
rNeg     . . .     Spirit   .   b - +0 robe
rPois    .         Reflect  .   (helmet restricted)
rElec    .         Harm     .   (no cloak)
rCorr    .         Rampage  .   (gloves unavailable)
MR       .....                  (boots unavailable)
Stlth    +.........             (no amulet)
HPRegen  0.05/turn              (no ring)
MPRegen  0.10/turn              (no ring)

@: very quick
A: very small, unfitting armour, see invisible, speed 3
a: no special abilities


You were on level 1 of the Dungeon.
You visited 1 branch of the dungeon, and saw 1 of its levels.

You collected 42 gold pieces.

Inventory:

Hand Weapons
 a - a +0 short sword (weapon)
Missiles
 e - 5 boomerangs of dispersal (quivered)
Armour
 b - a +0 robe (worn)
Jewellery
 g - a cursed -4 ring of intelligence {unknown}
Scrolls
 c - a scroll of identify {unknown}
 d - a scroll of blinking
Potions
 f - a potion of magic {unknown}


   Skills:
 + Level 1.7 Fighting
 + Level 2.3 Short Blades
 + Level 1.2 Throwing
 + Level 3.7 Dodging
 + Level 2.9 Spellcasting
   Level 4.4 Translocations


You had 6 spell levels left.
You didn't know any spells.
Your spell library contained the following spells:

 Spells                   Type           Power        Failure   Level
 Blink                    Tloc           N/A          5%          2
 Gell's Gravitas          Tloc           ##........   11%         3
 Lesser Beckoning         Tloc           ##........   11%         3
 Teleport Other           Tloc           ##......     11%         3
 Passage of Golubria      Tloc           N/A          34%         4


Dungeon Overview and Level Annotations

Branches:
Dungeon (1/15)

Altars:


Innate Abilities, Weirdness & Mutations

You are very small and have problems with some larger weapons.
You are too small for most types of armour.
You have supernaturally acute eyesight. (SInv)
You cover ground extremely quickly.


Message History

The jackal misses you.
You miss the jackal.
The jackal is lightly wounded.
The jackal completely misses you.
You closely miss the jackal.
The jackal is lightly wounded.
The jackal completely misses you. The jackal misses you.
You hit the jackal.
The jackal is severely wounded.
The jackal bites you.
* * * LOW HITPOINT WARNING * * *
You hit the jackal but do no damage.
The jackal is severely wounded.
The jackal closely misses you.
You hit the jackal.
You kill the jackal!
You have reached level 2!
The jackal closely misses you.
You closely miss the jackal. The jackal bites you.
You die...

########.## #.#
###.## #..... #.#.##
##########.#.## #...
..##.#... ######.#
#.##.#.## #..@hh.#
###.##....#
#$###.$###........>.
#. #h......#.###...#
#? #...#####.# ##.##
#. #...# #.# #.#
#........ ..# #.#
#.....#.## ### #+#
##.#.##.# #.#. .#


You could see 2 jackals.

Vanquished Creatures
  An ooze (D:1)
  A goblin (D:1)
  A jackal (D:1)
  2 kobolds (D:1)
5 creatures vanquished.

Notes
Turn   | Place    | Note
-------+----------+-------------------------------------------
     0 | D:1      | ANON1729 the Spriggan Warper began the quest for the Orb.
     0 | D:1      | Reached XP level 1. HP: 10/10 MP: 5/5
   612 | D:1      | Reached XP level 2. HP: 2/15 MP: 6/6
   613 | D:1      | Slain by a jackal

Illustrated notes

Levels and vault maps discovered:
D:1:      nzn_arrival_depleted_hourglass, layout_loops_corners

Action                   || total
-------------------------++-------
Melee: Short sword       ||    40
Armor: Robe              ||     6
Dodge: Dodged            ||    51

Table legend: (Time is in decaauts)
 A = Elapsed time spent in this place.
 B = Non-inter-level travel time spent in this place.
 C = Inter-level travel time spent in this place.
 D = Time resting spent in this place.
 E = Time spent auto-exploring this place.
 F = Levels seen in this place.
 G = Mean time per level.
                   A        B        C        D        E       F      G
               +--------+--------+--------+--------+--------+-----+--------+
         Total |    542 |    542 |      0 |      0 |    472 |   1 |  542.0 |
       Dungeon |    542 |    542 |      0 |      0 |    472 |   1 |  542.0 |
               +--------+--------+--------+--------+--------+-----+--------+

Top non-repeatable levels by time:
     D:1: 542 daAuts
